 Dungeon Crawl Stone Soup version 0.24.0-13-gcf9b3192b9 (webtiles) character file.

Game seed: 6399740340791542203, levelgen mode: deterministic

55 Ponchio the Skirmisher (level 3, 0/24 HPs)
             Began as a Gargoyle Fighter on Nov 9, 2019.
             Was an Initiate of the Shining One.
             Slain by a goblin (5 damage)
             ... led by Robin
             ... on level 2 of the Dungeon.
             The game lasted 00:02:59 (1015 turns).

Ponchio the Skirmisher (Gargoyle Fighter)           Turns: 1015, Time: 00:03:00

Health: 0/24       AC: 10    Str: 19    XL:     3   Next: 93%
Magic:  3/3        EV:  7    Int:  8    God:    the Shining One [......]
Gold:   76         SH:  9    Dex: 10    Spells: 2/2 levels left

rFire    . . .     SeeInvis .   a - +0 flail
rCold    . . .     Gourm    .   c - +0 shield
rNeg     + . .     Faith    .   b - +0 scale mail
rPois    ∞         Spirit   .   (no helmet)
rElec    +         Reflect  .   (no cloak)
rCorr    .         Harm     .   (no gloves)
MR       .....                  (no boots)
Stlth    ..........             (no amulet)
HPRegen  0.08/turn              (no ring)
MPRegen  0.08/turn              (no ring)

@: glowing
A: negative energy resistance 1, electricity resistance, unbreathing,
petrification resistance, rot immunity, AC +3
a: Renounce Religion


You were on level 2 of the Dungeon.
You worshipped the Shining One.
The Shining One was noncommittal.
You were hungry.

You visited 1 branch of the dungeon, and saw 2 of its levels.

You collected 76 gold pieces.

Inventory:

Hand Weapons
 a - a +0 flail (weapon)
Armour
 b - a +0 scale mail (worn)
 c - a +0 shield (worn)
Scrolls
 g - a scroll of blinking {unknown}
 h - a scroll of remove curse {unknown}
 i - 2 scrolls of fog {unknown}
Potions
 d - a potion of might
 e - a potion of lignification {unknown}
 j - a potion of degeneration {unknown}
 k - a potion of flight {unknown}
Comestibles
 f - 3 rations


   Skills:
 + Level 4.3 Fighting
 + Level 3.2 Maces & Flails
 - Level 3.2 Armour
 - Level 3.2 Shields


You had 2 spell levels left.
You didn't know any spells.
Your spell library was empty.

Dungeon Overview and Level Annotations

Branches:
Dungeon (2/15)

Altars:
The Shining One

Annotations:
D:2 Robin


Innate Abilities, Weirdness & Mutations

You are resistant to torment.
Your stone body is resilient. (AC +3)
You are immune to poison.
You resist negative energy. (rN+)
You are resistant to electric shocks. (rElec)
You can survive without breathing.
You are immune to petrification.
You are immune to rotting.


Message History

You kill the goblin!
Robin barely misses you. The goblin hits you with a +0 club.
You see here a cursed +0 dagger.
Robin throws the goblin at you!
There is an open door here.
You hit the goblin.
You kill the goblin!
You block the goblin's attack. Robin throws the goblin at you!
* * * LOW HITPOINT WARNING * * *
You block the goblin's attack.
You see here a +0 club.
You block the goblin's attack.
The goblin no longer looks unusually strong.
Robin throws the goblin at you! The goblin hits you but does no damage.
The goblin hits you.
* * * LOW HITPOINT WARNING * * *
The goblin no longer looks unusually strong.
The goblin hits you.
You die...

#.# ... #.# ##+## #.# ##...##
# #.#### ##.....## ##.#
#.##.### ##.......## ....#
##......###......gg.####...##
..........'.....@.ggg).g....#
###.....###.........####....#
#.#.#.# ##.......## .#.#
#.....# ##.....## # ###.###
##...## #.# ##+## #.# #.#


You could see Robin and 5 goblins.

Vanquished Creatures
  2 dart slugs (D:2)
  2 leopard geckos (D:1)
  3 orcs (D:2)
  4 giant cockroaches (D:1)
  6 goblins
  3 hobgoblins (D:1)
  4 jackals (D:1)
  7 bats
  3 frilled lizards (D:1)
  2 kobolds (D:1)
  6 rats
42 creatures vanquished.

Notes
Turn   | Place    | Note
-------+----------+-------------------------------------------
     0 | D:1      | Ponchio the Gargoyle Fighter began the quest for the Orb.
     0 | D:1      | Reached XP level 1. HP: 14/14 MP: 1/1
   145 | D:1      | Reached XP level 2. HP: 19/19 MP: 2/2
   276 | D:1      | Reached skill level 4 in Fighting
   276 | D:1      | Reached XP level 3. HP: 20/24 MP: 3/3
   418 | D:1      | Found a glowing golden altar of the Shining One.
   473 | D:1      | Became a worshipper of the Shining One
   990 | D:2      | Noticed Robin
  1015 | D:2      | Slain by a goblin

Levels and vault maps discovered:
D:1:      wander_arrival_peaceful_grave, layout_loops_ring, tso_metal_star
D:2:      layout_loops_corners, minivault_26, uniq_robin, uniq_terence

Skill      XL: |  1  2  3 |
---------------+----------+-----
Fighting       | 4 |  4.3
Maces & Flails | 3 |  3.2
Armour         | |  3.2
Shields        | |  3.2

Action                   || total
-------------------------++-------
Melee: Flail             ||   179
Armor: Scale mail        ||   107
Dodge: Dodged            ||    62
Block: Shield            ||   114
